 Dungeon Crawl Stone Soup version 0.27-a0-75-g9f9dfd16e9 (webtiles) character file.

Game seed: 13432650592949925976

6160 lunkers the Zephyrmancer (level 10, -4/78 HPs)
             Began as a Demigod Air Elementalist on Jan 12, 2021.
             Slain by a sun demon (18 damage)
             ... summoned by an orc high priest
             ... in a bailey.
             The game lasted 00:13:53 (11704 turns).

lunkers the Zephyrmancer (DgAE)                    Turns: 11704, Time: 00:13:54

Health: -4/78      AC: 14    Str: 13    XL:     10   Next: 34%
Magic:  0/25       EV:  9    Int: 31    God:
Gold:   502        SH:  4    Dex: 12    Spells: 14/23 levels left

rFire    . . .     SeeInvis .   F - +10 rapier "Worm's Wrath" {freeze, rPois}
rCold    + . .     Faith    .   C - +0 buckler
rNeg     . . .     Spirit   .   z - +3 scale mail "Muoceugh" {rC+ rCorr Str+2 Dex-4}
rPois    +         Reflect  .   (no helmet)
rElec    .         Harm     .   o - +1 cloak {rCorr}
rCorr    +         Rampage  .   s - +0 pair of gloves
Will     +....                  D - +1 pair of boots
Stlth    ..........             v - amulet of magic regeneration
HPRegen  0.23/turn              f - ring of wizardry
MPRegen  0.44/turn              w - +6 ring of intelligence

@: no status effects
A: high mp 1
a: no special abilities


You were in a bailey.
You visited 1 branch of the dungeon, and saw 9 of its levels.
You also visited: Bailey.

You collected 502 gold pieces.

Inventory:

Hand Weapons
 b - the +1 great sword of the Equinox {flame, +Inv rF- rC+ SInv}
   (You found it on level 4 of the Dungeon)

   It has been specially enchanted to burn those struck by it, causing extra
   injury to most foes and up to half again as much damage against particularly
   susceptible opponents.
   Big, fiery blades are also staple armaments of hydra-hunters.
   It makes you vulnerable to fire.
   It protects you from cold.
   It lets you see invisible.
   It lets you turn invisible.
 i - the +6 hand axe of Extremism {freeze, +Blink rPois rC- rN+++, unknown}
   (You found it on level 9 of the Dungeon)

   It has been specially enchanted to freeze those struck by it, causing extra
   injury to most foes and up to half again as much damage against particularly
   susceptible opponents.
   It can also slow down cold-blooded creatures.
   It makes you vulnerable to cold.
   It protects you from poison.
   It renders you almost immune to negative energy.
   It lets you blink.
 n - a +4 quarterstaff of flaming
 F - the +10 rapier "Worm's Wrath" (weapon) {freeze, rPois}
   (You found it on level 7 of the Dungeon)

   It has been specially enchanted to freeze those struck by it, causing extra
   injury to most foes and up to half again as much damage against particularly
   susceptible opponents.
   It can also slow down cold-blooded creatures.
   It protects you from poison.
Armour
 o - a +1 cloak of preservation (worn)
 s - a +0 pair of gloves (worn)
 z - the +3 scale mail "Muoceugh" (worn) {rC+ rCorr Str+2 Dex-4}
   (You found it on level 4 of the Dungeon)

   It affects your strength (+2).
   It affects your dexterity (-4).
   It protects you from cold.
   It provides partial protection from all sources of acid and corrosion.
 C - a +0 buckler (worn)
 D - a +1 pair of boots (worn)
Magical Staves
 m - an uncursed staff of poison
Jewellery
 f - a ring of wizardry (left hand)
 v - an amulet of magic regeneration (around neck)
 w - a +6 ring of intelligence (right hand)
Wands
 t - a wand of disintegration (12)
 E - a wand of polymorph (15)
 H - a wand of random effects (6)
Scrolls
 d - 2 scrolls of amnesia
 e - 4 scrolls of teleportation
 j - a scroll of enchant weapon
 k - a scroll of fear
 x - a scroll of fog
 A - a scroll of remove curse
Potions
 c - 4 potions of berserk rage
 g - 2 potions of might
 h - 2 potions of cancellation
 l - 2 potions of curing
 p - a potion of haste
 r - 2 potions of heal wounds {unknown}
 u - a potion of lignification {unknown}
 B - 2 potions of resistance {unknown}
Miscellaneous
 a - a tin of tremorstones (2/2)


   Skills:
 + Level 3.7 Fighting
 - Level 1.7 Dodging
 - Level 1.7 Stealth
 + Level 3.6 Shields
 + Level 7.4 Spellcasting
 - Level 0.8 Conjurations
 * Level 11.3 Air Magic


You had 14 spell levels left.
You knew the following spells:

 Your Spells              Type           Power        Failure   Level
a - Airstrike             Air            35%          1%          4
b - Swiftness             Air            70%          1%          2
c - Static Discharge      Conj/Air       49%          2%          3

Your spell library contained the following spells:

 Spells                   Type           Power        Failure   Level
 Shock                    Conj/Air       100%         1%          1
 Animate Skeleton         Necr           22%          9%          1
 Pain                     Necr           44%          9%          1
 Lightning Bolt           Conj/Air       24%          21%         5
 Vampiric Draining        Necr           5%           26%         3
 Animate Dead             Necr           5%           61%         4
 Agony                    Necr           11%          91%         5


Dungeon Overview and Level Annotations

Branches:
Dungeon (9/15)             Temple (0/1) D:6          Bailey (1/1)
   Lair: D:8-11         Orc: D:9-12

Shops:
D:4 [(

Annotations:
D:4 2 runed translucent doors
D:6 2 transporters, kazak's ghost, novice OpFE
D:9 2 transporters, exclusion: oklob plant, hehateme's ghost, novice KoHu


Innate Abilities, Weirdness & Mutations

You have an increased reservoir of magic. (+10% MP)


Message History

The sun demon hits you.
* * * LOW HITPOINT WARNING * * *
You are engulfed in flames!!
* * * LOW HITPOINT WARNING * * *
The orc high priest calls down the wrath of Beogh upon you.
You resist with significant effort.
Casting: Airstrike (dangerous; 1% risk of failure)
Confirm with . or Enter, or press ? or * to list all spells.
Aiming: Airstrike (dangerous; 1% risk of failure)
Press: ? - help, Dir - move target, f/p - orc high priest
Aim: an orc high priest, wielding a +0 war axe and wearing a +0 ring mail (severely wounded)
The air twists around and strikes the orc high priest!
The orc high priest is almost dead.
* * * LOW MAGIC WARNING * * *
You block the sixfirhy's attack.
The sixfirhy hits you but does no damage.
The sixfirhy barely misses you.
The sixfirhy hits you but does no damage.
The sun demon hits you!!
You die...

).. ##### ##+#....
+.....) #.8..) #..oo
#.83### #..@o.#######
#.8.3.#.....#
#.....#.....#
####..#..⌠..#
#..'.....+ #..'.)...+
#####'''#####
#...........#
######≈≈≈≈...≈≈≈≈#####


You could see an orc high priest, a sun demon (summoned), a sixfirhy (summoned),
an orc warrior and an orc.

Vanquished Creatures
  A two-headed ogre (D:9)
  An orc knight (Bailey)
  A kobold demonologist (Bailey)
  A shadow (D:4)
  A wyvern (D:4)
  Grum (D:8)
  A hornet zombie (D:7)
  2 ice beasts
  3 orc warriors
  2 phantoms (D:4)
  A sky beast (D:7)
  5 ogres
  3 wolves (D:8)
  6 necrophages (D:7)
  A centaur (D:9)
  5 bullfrogs
  A gnoll sergeant (D:8)
  A scorpion (D:5)
  6 killer bees (D:7)
  A howler monkey (D:5)
  A bullfrog zombie (D:9)
  9 hounds
  9 orc wizards
  A jelly (D:9)
  3 orc priests
  Crazy Yiuf (D:2)
  2 bullfrog skeletons (D:8)
  5 iguanas
  Terence (D:2)
  7 worker ants
  A hound skeleton (D:7)
  10 gnolls
  24 adders
  2 shadow imps
  3 white imps
  2 ufetubi
  3 oozes (D:4)
  2 adder skeletons
  A worm (D:2)
  6 dart slugs
  7 leopard geckos
  29 orcs
  2 giant cockroaches
  12 goblins
  7 hobgoblins
  4 jackals
  6 kobolds
  3 quokkas
  A ball python (D:1)
  5 bats
  8 frilled lizards
  A leopard gecko skeleton (D:4)
  A quokka zombie (D:9)
  7 rats
230 creatures vanquished.

Vanquished Creatures (others)
  2 bushes (D:7)
  32 plants
34 creatures vanquished.

Grand Total: 264 creatures vanquished

Notes
Turn   | Place    | Note
-------+----------+-------------------------------------------
     0 | D:1      | lunkers the Demigod Air Elementalist began the quest for
                  | the Orb.
     0 | D:1      | Reached XP level 1. HP: 14/14 MP: 5/5
   186 | D:1      | Reached skill level 3 in Air Magic
   417 | D:1      | Reached XP level 2. HP: 20/20 MP: 5/7
  1295 | D:1      | Reached XP level 3. HP: 6/26 MP: 1/9
  1672 | D:1      | Learned a level 2 spell: Swiftness
  1676 | D:1      | Learned a level 3 spell: Static Discharge
  1995 | D:2      | Reached skill level 4 in Air Magic
  2145 | D:2      | Noticed Terence
  2205 | D:2      | Killed Terence
  2206 | D:2      | Reached XP level 4. HP: 14/33 MP: 0/10
  2618 | D:2      | Found a runed translucent door.
  2619 | D:2      | Noticed Crazy Yiuf
  2821 | D:2      | Killed Crazy Yiuf
  3057 | D:3      | Reached XP level 5. HP: 25/38 MP: 3/12
  3064 | D:3      | Learned a level 4 spell: Airstrike
  3468 | D:3      | Reached skill level 5 in Air Magic
  4571 | D:3      | Reached XP level 6. HP: 20/45 MP: 6/14
  5243 | D:4      | Found Bas Hasch's Antique Weapon Boutique.
  5367 | D:4      | Reached skill level 6 in Air Magic
  5490 | D:4      | Reached XP level 7. HP: 36/50 MP: 3/16
  5641 | D:4      | Found a large runed translucent door.
  5641 | D:4      | Found a large runed translucent door.
  5641 | D:4      | Noticed a shadow
  5642 | D:4      | Noticed a wyvern
  5650 | D:4      | Found a large runed translucent door.
  5650 | D:4      | Found a large runed translucent door.
  6142 | D:4      | Found Jousaureca's Armour Shop.
  6229 | D:4      | Reached skill level 7 in Air Magic
  6382 | D:4      | Got a steaming scale mail
  6393 | D:4      | Identified the +3 scale mail "Muoceugh" {rC+ rCorr Str+2
                  | Dex-4} (You found it on level 4 of the Dungeon)
  6510 | D:5      | Entered Level 5 of the Dungeon
  6793 | D:5      | Found a glowing silver altar of Zin.
  7120 | D:5      | Reached skill level 5 in Spellcasting
  7120 | D:5      | Reached XP level 8. HP: 48/57 MP: 3/19
  7312 | D:5      | Reached skill level 8 in Air Magic
  7431 | D:5      | Found a shimmering altar of Xom.
  7431 | D:5      | Found a sacrificial altar of Ru.
  7456 | D:5      | Found a sparkling altar of Nemelex Xobeh.
  7458 | D:5      | Found a white marble altar of Elyvilon.
  7460 | D:5      | Found a stormy altar of Qazlal.
  7691 | D:6      | Found a staircase to the Ecumenical Temple.
  7851 | D:6      | Found a transporter.
  7854 | D:6      | Noticed kazak's ghost (novice OpFE)
  7967 | D:6      | Found a transporter.
  8473 | D:4      | Reached skill level 9 in Air Magic
  8506 | D:4      | Got a blackened great sword
  8507 | D:4      | Identified the cursed +1 great sword of the Equinox {flame,
                  | +Inv rF- rC+ SInv} (You found it on level 4 of the Dungeon)
  9070 | D:7      | Found a blossoming altar of Fedhas.
  9092 | D:7      | Reached XP level 9. HP: 62/62 MP: 9/22
  9265 | D:7      | Reached skill level 10 in Air Magic
  9505 | D:7      | Got an ebony rapier
  9506 | D:7      | Identified the +10 rapier "Worm's Wrath" {freeze, rPois}
                  | (You found it on level 7 of the Dungeon)
  9553 | D:7      | Found a shimmering altar of Xom.
  9820 | D:7      | Reached skill level 1 in Fighting
  9820 | D:7      | Reached skill level 1 in Shields
 10688 | D:8      | Found a shimmering blue altar of Sif Muna.
 10874 | D:8      | Noticed Grum
 10877 | D:8      | Killed Grum
 11204 | D:9      | Found a transporter.
 11208 | D:9      | Found a transporter.
 11240 | D:9      | Noticed an oklob plant
 11240 | D:9      | Noticed a skeletal warrior
 11254 | D:9      | Reached XP level 10. HP: 75/75 MP: 19/24
 11271 | D:9      | Noticed hehateme's ghost (novice KoHu)
 11274 | D:9      | Noticed a two-headed ogre
 11277 | D:9      | Killed a two-headed ogre
 11278 | D:9      | Reached skill level 11 in Air Magic
 11410 | D:9      | Found a flagged portal.
 11454 | D:9      | Got a bloodstained hand axe
 11462 | Bailey   | Entered a bailey
 11498 | Bailey   | Noticed an orc knight
 11516 | Bailey   | Killed an orc knight
 11693 | Bailey   | Noticed an orc high priest
 11699 | Bailey   | Noticed a sixfirhy
 11699 | Bailey   | Noticed a sun demon
 11704 | Bailey   | Slain by a sun demon

Illustrated notes

Levels and vault maps discovered:
D:1:      dpeg_arrival_tiny_c, layout_loops_ring, wad_woods_river_04, hex_tiny
D:2:      layout_rooms, chequers_arboretum, minmay_misc_feat_nine_boxes,
          uniq_terence, uniq_crazy_yiuf_cottage
D:3:      wander_river, layout_loops_corners, corexii_corridor_pit, st_stairs_14
D:4:      layout_rooms, serial_shops, shop, shop, minmay_hollow_rounded_squares
D:5:      layout_cave_pools, chequers_temple_overflow_minitemple, zin_statuary,
          minmay_fractal_squares_diagonal_5
D:6:      minmay_inner_zag, layout_basic, minmay_temple_entry_statues_pillars,
          gammafunk_ghost_arena, minmay_misc_feat_ornament,
          kennysheep_generic_room_8
D:7:      layout_cave_pods, basic_altar, fedhas_altar_decomposition
D:8:      kennysheep_orc_sif_temple, layout_cave_pools, serial_gnoll_camp,
          gnoll_camp_mini_loothouse, gnoll_camp_mini_hut, gnoll_camp_mini_basic,
          grums_kennel
D:9:      layout_basic, david_lair_shrubbed, nzn_ghost_randoct, enter_bailey_2,
          minmay_another_anthill
Bailey:   bailey_axe_of_yendor_kennysheep, bailey

Skill      XL: |  1  2  3  4  5  6  7  8  9 10 |
---------------+-------------------------------+-----
Air Magic      | 3 4 5 6 7 9 10 11 | 11.3
Spellcasting   | 2 3 4 5 6 7 |  7.4
Fighting       | 2 3 |  3.7
Shields        | 2 3 |  3.6
Dodging        | |  1.7
Stealth        | |  1.7
Conjurations   | |  0.8

Action                   |  1- 3 |  4- 6 |  7- 9 | 10-12 || total
-------------------------+-------+-------+-------+-------++-------
Melee: Unarmed           |    17 |       |       |       ||    17
       Quarterstaff      |       |    30 |    51 |       ||    81
       Rapier            |       |       |    24 |    13 ||    37
 Cast: Shock             |    78 |    69 |     2 |       ||   149
       Airstrike         |       |    28 |   166 |    29 ||   223
Evoke: Wand              |       |       |       |     2 ||     2
  Use: Scroll            |       |       |    18 |       ||    18
 Stab: Paralysed         |       |       |     1 |       ||     1
Armor: Robe              |    12 |     9 |       |       ||    21
       Scale mail        |       |       |    50 |    12 ||    62
Dodge: Dodged            |    32 |    36 |    51 |    15 ||   134
Block: Buckler           |       |       |     9 |     8 ||    17

Table legend: (Time is in decaauts)
 A = Elapsed time spent in this place.
 B = Non-inter-level travel time spent in this place.
 C = Inter-level travel time spent in this place.
 D = Time resting spent in this place.
 E = Time spent auto-exploring this place.
 F = Levels seen in this place.
 G = Mean time per level.
                   A        B        C        D        E       F      G
               +--------+--------+--------+--------+--------+-----+--------+
         Total |  11785 |  11319 |    466 |    558 |   9431 |  10 | 1178.5 |
       Dungeon |  11541 |  11075 |    466 |    509 |   9282 |   9 | 1282.3 |
        Bailey |    243 |    243 |      0 |     49 |    149 |   1 |  243.0 |
               +--------+--------+--------+--------+--------+-----+--------+

Top non-repeatable levels by time:
     D:3: 2302 daAuts
     D:1: 1920 daAuts
     D:7: 1497 daAuts
     D:4: 1470 daAuts
     D:8: 1116 daAuts
     D:5: 1011 daAuts
     D:2: 989 daAuts
     D:6: 963 daAuts
     D:9: 269 daAuts
  Bailey: 243 daAuts
